 Dungeon Crawl Stone Soup version 0.21-a0-442-g848f44b (webtiles) character file.

69 AverageBear the Cutter (level 4, -7/27 HPs)
             Began as a Deep Elf Fighter on Nov 12, 2017.
             Mangled by Sigmund
             ... wielding a +0 scythe
              (10 damage)
             ... on level 2 of the Dungeon.
             The game lasted 00:01:21 (1254 turns).

AverageBear the Cutter (Deep Elf Fighter)           Turns: 1254, Time: 00:01:21

Health: -7/27      AC:  6    Str: 19    XL:     4   Next: 2%
Magic:  6/6        EV:  7    Int: 13    God:
Gold:   134        SH:  0    Dex: 14    Spells: 3/3 levels left

rFire    . . .     SeeInvis .   a - +0 rapier
rCold    . . .     Gourm    .   c - +0 shield
rNeg     . . .     Faith    .   b - +0 scale mail
rPois    .         Spirit   .   (no helmet)
rElec    .         Reflect  .   (no cloak)
rCorr    .         Harm     .   (no gloves)
MR       .....                  (no boots)
Stlth    ..........             (no amulet)
HPRegen  0.09/turn              (no ring)
MPRegen  0.10/turn              (no ring)

@: confused, mighty
A: no striking features
a: no special abilities


You were on level 2 of the Dungeon.
You were not hungry.

You visited 1 branch of the dungeon, and saw 2 of its levels.

You collected 134 gold pieces.

Inventory:

Hand Weapons
 a - a +0 rapier (weapon)
Armour
 b - a +0 scale mail (worn)
 c - a +0 shield (worn)
Scrolls
 e - 2 scrolls of teleportation
 i - 3 scrolls of identify
 k - 3 scrolls of remove curse
Potions
 j - a potion of curing
Comestibles
 f - a bread ration
 g - 3 meat rations
 h - 3 chunks of flesh


   Skills:
 - Level 2.4 Fighting
 + Level 4.3 Short Blades
 - Level 2.4 Armour
 - Level 2.4 Shields


You had 3 spell levels left.
You didn't know any spells.

Dungeon Overview and Level Annotations

Branches:
Dungeon (2/15)

Altars:
Gozag

Annotations:
D:2 Sigmund


Message History

Deactivating autopickup; reactivate with Ctrl-A.
You closely miss something. The bat hits you but does no damage.
You block something's attack.
You miss something. The bat hits you. Something hits you but does no damage.
Your shield and scale mail prevent you from hitting something.
The bat barely misses you.
You hear some strange, mumbled words.
You are confused.
The frilled lizard barely misses you. Something hits you but does no damage.
You closely miss something. The bat hits you but does no damage.
The frilled lizard bites you. Something hits you but does no damage.
You closely miss something. The bat barely misses you.
The frilled lizard bites you. Something hits you!
* * * LOW HITPOINT WARNING * * *
The bat hits you but does no damage.
You bump into the rock wall.
The bat hits you.
* * * LOW HITPOINT WARNING * * *
Something hits you!
You die...

####### #. #.....#
#. ## ##.....## #.
.# # #.......#
#.##.##.#
#.......###.......#
#.........#.......
#.##....#.#.{l.#
#.#####.).#.b####.#
#.#####..##..@....#
#........###.######
####...(......#
###.....(.#.#####
..#.##.(....#
#.#.##..#.###
#.......#.#
###.###.#.# #.
#.......# #. #....#


You could see a bat.

Vanquished Creatures
  2 adders (D:2)
  An ooze (D:2)
  2 dart slugs (D:2)
  A leopard gecko (D:2)
  5 bats
  5 giant cockroaches
  6 goblins
  5 hobgoblins
  2 jackals (D:1)
  A frilled lizard (D:2)
  2 kobolds
  5 rats
37 creatures vanquished.

Notes
Turn   | Place    | Note
-------+----------+-------------------------------------------
     0 | D:1      | AverageBear the Deep Elf Fighter began the quest for the Orb.
     0 | D:1      | Reached XP level 1. HP: 13/13 MP: 3/3
   244 | D:1      | Reached XP level 2. HP: 15/18 MP: 4/4
   398 | D:1      | Reached skill level 3 in Short Blades
   596 | D:2      | Reached XP level 3. HP: 19/22 MP: 5/5
   949 | D:2      | Reached skill level 4 in Short Blades
   974 | D:2      | Found an opulent altar of Gozag.
  1208 | D:2      | Reached XP level 4. HP: 21/27 MP: 6/6
  1243 | D:2      | Noticed Sigmund
  1254 | D:2      | Mangled by Sigmund

Vault maps used:
D:1:      shiori_arrival_oz
D:2:      kennysheep_slug_shrine, grunt_gozag_breadcrumbs, uniq_sigmund

Skill      XL: |  1  2  3 |
---------------+----------+-----
Short Blades   | 3 4 |  4.3
Fighting       | |  2.4
Armour         | |  2.4
Shields        | |  2.4

Action                   |  1- 3 |  4- 6 || total
-------------------------+-------+-------++-------
Melee: Rapier            |   122 |     7 ||   129
  Use: Scroll            |     5 |       ||     5
       Potion            |       |     1 ||     1
  Eat: Chunk             |     1 |       ||     1
Armor: Scale mail        |    64 |     9 ||    73
Dodge: Dodged            |    33 |     5 ||    38
Block: Shield            |    63 |     5 ||    68

Table legend:
 A = Spawn XP
 B = Non-spawn XP
 C = Spawn XP percentage of total XP
 D = Spawn monster count
 E = Non-spawn monster count
 F = Spawn count percentage of total count
 G = Total turns spent on level
                    A         B        C        D         E        F      G
               +---------+---------+-------+---------+---------+-------+---------
         Total |       0 |      99 |   0.0 |       0 |      37 |   0.0 |  1254
               +---------+---------+-------+---------+---------+-------+---------
           D:1 |       0 |      28 |   0.0 |       0 |      16 |   0.0 |   772
           D:2 |       0 |      71 |   0.0 |       0 |      21 |   0.0 |   482
               +---------+---------+-------+---------+---------+-------+---------
